AoeStats
← Tres Lazos

Black Forest

504060966Analyzed
1v1 RM · 1mo ago on Sep 3, 2026· 51m 20s· 2 players
Game mode
Random Map
Map size
Tiny (2 player)
Population
200
Speed
Normal
Resources
Standard
Victory
Conquest
Starting age
Dark Age
Ending age
Imperial Age
RankedLock teamsTeams togetherTeam positionsShared explorationLock speedFull tech treeHidden civsTurbo modeCheats
Victory
Defeat
🇨🇱 Khmer · Chile
1018
+15
🇺🇾 Huns · Uruguay
1004
-42
Tres Lazos
8:45 Loom
11:32 Feudal Age
12:18 Double-Bit Axe
13:12 Horse Collar
21:12 Forging
25:11 Castle Age
25:58 Padded Archer Armor
25:49 Fletching
28:02 Bow Saw
32:47 Heavy Plow
36:48 Bodkin Arrow
37:09 Leather Archer Armor
37:00 Scale Barding Armor
39:49 Imperial Age
38:04 Wheelbarrow
37:15 Town Watch
40:47 Town Patrol
41:03 Hand Cart
43:28 Ballistics
44:09 Chemistry
43:12 Gold Mining
43:13 Stone Mining
43:41 Heavy Cavalry Archer
44:28 Thumb Ring
45:14 Illumination
45:04 Fervor
47:29 Two-Man Saw
47:12 Bracer
50:46 Parthian Tactics
☣ExciDiuM☣
1:13 Loom
15:29 Feudal Age
23:41 Castle Age
23:56 Wheelbarrow
23:19 Stone Mining
24:08 Wheelbarrow
28:13 Horse Collar
29:08 Heavy Plow
29:19 Double-Bit Axe
35:03 Imperial Age
32:59 Bow Saw
33:04 Gold Mining
33:49 Ballistics
36:00 Gold Shaft Mining
36:24 Hand Cart
35:55 Town Watch
37:29 Fortified Wall
38:14 Elite Ballista Elephant
39:04 Siege Engineers
38:48 Light Cavalry
41:45 Chemistry
41:31 Double Crossbow
43:12 Conscription
43:20 Bloodlines
43:10 Husbandry
43:18 Scale Barding Armor
44:23 Town Patrol
45:15 Devotion
47:28 Chain Barding Armor
47:58 Hussar
50:10 Plate Barding Armor
51:59 Faith
Connection lost

Rejoining the realm…

Still unreachable

The connection could not be restored.

Session expired

The server has moved on; the page needs a fresh start.